 Dungeon Crawl Stone Soup version 0.18.1-48-g4cf74bf (webtiles) character file.

12980 Lennu the Ducker (level 11, -1/90 HPs)
             Began as a Pale Draconian Venom Mage on June 30, 2016.
             Was a High Priest of Qazlal.
             Slain by a yak (2 damage)
             ... on level 2 of the Lair of Beasts.
             The game lasted 02:16:43 (14642 turns).

Lennu the Ducker (Pale Draconian Venom Mage)       Turns: 14642, Time: 02:16:43

Health: -1/90      AC: 14    Str: 11    XL:     11   Next: 69%
Magic:  3/30       EV:  2    Int: 19    God:    Qazlal [*****.]
Gold:   528        SH:  0    Dex: 11    Spells: 6 memorised, 2 levels left

rFire  . . .     SeeInvis .     W - +3 mace (flame)
rCold  . . .     Gourm    .     (armour unavailable)
rNeg   + + +     Faith    .     t - +0 buckler
rPois  ∞         Spirit   .     (helmet restricted)
rElec  .         Dismiss  .     E - +0 cloak
rCorr  .         Reflect  .     (no gloves)
SustAt .         Harm     .     s - +2 pair of boots
MR     +....                    (no amulet)
Stlth  +.........               w - ring of magical power
                                S - ring of wizardry

@: lethally poisoned (-1 -> -1), petrified, protected from physical damage,
repel missiles, somewhat resistant to hostile enchantments, very unstealthy
A: breathe steam, unfitting armour, magic resistance 1, cold-blooded, MP-powered
wands, AC +7
a: Breathe Steam, Upheaval, Elemental Force, Disaster Area, Renounce Religion


You were on level 2 of the Lair of Beasts.
You worshipped Qazlal.
Qazlal was extremely pleased with you.
You were hungry.

You visited 2 branches of the dungeon, and saw 12 of its levels.
You also visited: Ossuary.

You collected 528 gold pieces.

Inventory:

Hand Weapons
 T - a +2 flail
 W - a +3 mace of flaming (weapon)
Missiles
 i - 5 tomahawks of returning (quivered)
 N - 7 tomahawks of dispersal
Armour
 s - a +2 pair of boots (worn)
 t - a +0 buckler (worn)
 E - a +0 cloak (worn)
Magical Staves
 U - an uncursed staff of earth
Jewellery
 g - an uncursed ring of flight
 m - the ring of Qen Xuze {+Inv Int+3 SInv Stlth+}
   (You found it on level 5 of the Dungeon)

   [ring of see invisible]

   It affects your intelligence (+3).
   It lets you see invisible.
   It lets you turn invisible.
   It makes you more stealthy.
 u - an uncursed ring of protection from magic
 v - an uncursed ring of poison resistance
 w - a ring of magical power (right hand)
 z - an uncursed amulet of rage
 S - a ring of wizardry (left hand)
Wands
 o - a wand of paralysis (11/24)
 y - a wand of acid (0/15)
 B - a wand of acid (9/15)
 D - a wand of digging (16/24)
 H - a wand of lightning (0/15)
 I - a wand of iceblast (1/15)
 J - a wand of confusion (29/48)
 P - a wand of flame (29/48)
Scrolls
 c - a scroll of enchant armour
 e - 2 scrolls of identify
 f - 10 scrolls of teleportation
 h - 2 scrolls of magic mapping
 j - 2 scrolls of remove curse
 L - a scroll of amnesia
 M - 2 scrolls of recharging
 Q - a scroll of silence
Potions
 q - 2 potions of flight
 A - a potion of invisibility
 G - a potion of magic
 K - a potion of haste
Books
 a - a Young Poisoner's Handbook

   Spells                             Type                      Level
   a - Sting                          Conjuration/Poison           1
   b - Cure Poison                    Poison                       2
   c - Mephitic Cloud                 Conjuration/Poison/Air       3
   d - Olgreb's Toxic Radiance        Poison                       4
   e - Venom Bolt                     Conjuration/Poison           5
 l - a book of Fire

   Spells                             Type                      Level
   a - Ignite Poison                  Fire/Transmutation/Poison    3
   b - Fireball                       Conjuration/Fire             5
   c - Bolt of Fire                   Conjuration/Fire             6
   d - Delayed Fireball               Conjuration/Fire             7
   e - Ring of Flames                 Charms/Fire                  7
 x - a book of Burglary

   Spells                             Type                      Level
   a - Swiftness                      Charms/Air                   2
   b - Passwall                       Transmutation/Earth          2
   c - Passage of Golubria            Translocation                4
   d - Lee's Rapid Deconstruction     Earth                        5
   e - Darkness                       Hexes                        6
   f - Invisibility                   Hexes                        6
 C - a book of Misfortune

   Spells                             Type                      Level
   a - Confusing Touch                Hexes                        2
   b - Confuse                        Hexes                        3
   c - Gell's Gravitas                Hexes/Translocation          3
   d - Petrify                        Transmutation/Earth          4
   e - Metabolic Englaciation         Hexes/Ice                    5
   f - Yara's Violent Unravelling     Hexes/Transmutation          5
 F - a book of Battle

   Spells                             Type                      Level
   a - Infusion                       Charms                       1
   b - Shroud of Golubria             Charms/Translocation         2
   c - Song of Slaying                Charms                       2
   d - Spectral Weapon                Hexes/Charms                 3
   e - Regeneration                   Charms/Necromancy            3
Miscellaneous
 O - a phantom mirror
 V - a stone of tremors
Comestibles
 b - 2 bread rations
 d - 2 slices of pizza
 k - 4 meat rations
 n - a beef jerky
 p - 10 royal jellies
 r - 21 fruits
 R - 5 chunks of flesh


   Skills:
 * Level 6.3 Fighting
 * Level 5.3 Maces & Flails
 * Level 7.9 Dodging
 - Level 1.9 Stealth
 * Level 6.3 Shields
 + Level 6.6 Spellcasting
 + Level 5.3 Conjurations
 + Level 0.8 Transmutations
 * Level 6.7 Fire Magic
 + Level 4.5 Air Magic
 + Level 7.3 Poison Magic
 * Level 2.5 Invocations


You had 2 spell levels left.
You knew the following spells:

 Your Spells              Type           Power        Failure   Level  Hunger
a - Sting                 Conj/Pois      ####         1%          1    None
b - Ignite Poison         Fire/Trmt/Pois ####....     1%          3    ##.....
c - Venom Bolt            Conj/Pois      ####......   12%         5    #####..
d - Mephitic Cloud        Conj/Pois/Air  ####....     1%          3    ##.....
e - Olgreb's Toxic Radia  Pois           ####....     3%          4    ####...
f - Fireball              Conj/Fire      ####......   12%         5    #####..


Dungeon Overview and Level Annotations

Branches:
Dungeon (10/15)            Temple (0/1) D:7            Lair (2/8) D:10
    Orc: D:9-12

Altars:
Elyvilon
Gozag
Kikubaaqudgha
Nemelex Xobeh
Okawaru
Qazlal
Sif Muna
Vehumet
Xom
Yredelemnul
Zin
The Shining One

Shops:
D:4 %   D:9 (


Innate Abilities, Weirdness & Mutations

You can breathe blasts of scalding, opaque steam.
Your pale cyan-grey scales are hard (AC +7).
Your body does not fit into most forms of armour.
You are cold-blooded and may be slowed by cold attacks.
You are resistant to hostile enchantments.
You expend magic power (3 MP) to strengthen your wands.


Message History

The yak gores you but does no damage. x2; The yak gores you.
* * * LOW HITPOINT WARNING * * *
The yak gores you.
* * * LOW HITPOINT WARNING * * *
You feel more protected from physical attacks.
The yak gores you!
* * * LOW HITPOINT WARNING * * *
The yak gores you but does no damage. The yak gores you.
* * * LOW HITPOINT WARNING * * *
You feel more protected from physical attacks.
The yak gores you but does no damage. x2
The yak gores you!
* * * LOW HITPOINT WARNING * * *
You feel more protected from physical attacks.
The yak gores you but does no damage. The yak gores you.
* * * LOW HITPOINT WARNING * * *
You feel more protected from physical attacks.
The yak gores you.
You die...

##........##
#...<......##
##........).##
##...........#
#...........##
#...........#
#.........§.§#
#P..........Y.#
#........>..lY@#
#..#.........§Y#
#..##........§§#
#. ##.........#
#.P......##
####.....##
###...P# #
#.†.## #.
##...P#


You could see 3 yaks and a basilisk.

Vanquished Creatures
  The ghost of Kloppie the Spear-Bearer, a novice MfBe of Trog (Lair:1)
  An unseen horror (D:10)
  Pikel (D:7)
  Joseph (D:7)
  2 spiny frogs (Lair:1)
  A queen bee (Lair:1)
  A troll (D:10)
  A two-headed ogre (D:9)
  5 blink frogs (Lair:1)
  2 wyverns
  2 yaks (Lair:2)
  2 hungry ghosts (D:9)
  A basilisk (Lair:2)
  4 hippogriffs
  Menkaure (D:7)
  3 water moccasins
  2 soldier ants (D:10)
  2 porcupines (Lair:2)
  3 ice beasts
  4 black bears
  3 slaves
  4 orc warriors
  A necrophage (D:10)
  2 phantoms
  4 ogres
  2 centaurs
  A crocodile (D:10)
  3 big kobolds
  7 giant frogs
  2 scorpions
  44 killer bees
  2 howler monkeys
  10 wights
  3 crimson imps
  A wasp zombie (D:6)
  A quasit (D:6)
  A centaur zombie (Ossuary)
  A human zombie (Ossuary)
  A jelly (D:8)
  3 orc wizards
  2 giant frog skeletons
  Crazy Yiuf (D:7)
  3 centaur skeletons (D:10)
  2 hounds (D:3)
  5 orc priests
  6 iguanas
  7 worker ants
  A killer bee zombie (D:9)
  3 big kobold zombies (Ossuary)
  2 mummies (Ossuary)
  A worker ant zombie (D:5)
  4 gnolls (D:3)
  2 howler monkey skeletons
  11 adders
  9 river rats (Lair:1)
  2 shadow imps
  2 oozes (D:1)
  2 adder zombies (Ossuary)
  3 worms (D:2)
  A dart slug (D:2)
  A giant gecko (D:3)
  23 orcs
  3 giant cockroaches
  7 hobgoblins
  16 jackals
  16 kobolds
  5 quokkas
  A ball python (D:3)
  10 bats
  A giant cockroach zombie (D:5)
  A giant gecko zombie (D:9)
  3 giant newts
  7 goblins
  10 hobgoblin zombies (Ossuary)
  A jackal zombie (Ossuary)
  10 kobold zombies (Ossuary)
  7 orc zombies (Ossuary)
  2 quokka skeletons
  A quokka zombie (D:8)
  8 rats
  2 rat zombies (Ossuary)
  5 fungi
  7 plants
352 creatures vanquished.

Vanquished Creatures (collateral kills)
  A killer bee (D:5)
1 creature vanquished.

Vanquished Creatures (others)
  A slave (D:7)
  A killer bee (D:7)
  A plant (Lair:2)
3 creatures vanquished.

Grand Total: 356 creatures vanquished

Notes
Turn   | Place    | Note
--------------------------------------------------------------
     0 | D:1      | Lennu the Draconian Venom Mage began the quest for the Orb.
     0 | D:1      | Reached XP level 1. HP: 14/14 MP: 3/3
   153 | D:1      | Reached XP level 2. HP: 18/20 MP: 3/5
   518 | D:1      | Reached XP level 3. HP: 24/27 MP: 1/6
  1100 | D:2      | Found a basalt altar of Yredelemnul.
  1101 | D:2      | Found an ancient bone altar of Kikubaaqudgha.
  1136 | D:2      | Found a radiant altar of Vehumet.
  1168 | D:2      | Found a glowing silver altar of Zin.
  1378 | D:2      | Reached XP level 4. HP: 30/34 MP: 1/7
  2098 | D:2      | Reached skill level 1 in Fighting
  2366 | D:3      | Found a stormy altar of Qazlal.
  2375 | D:3      | Reached skill level 5 in Poison Magic
  2375 | D:3      | Reached XP level 5. HP: 34/40 MP: 3/9
  2495 | D:3      | Became a worshipper of Qazlal Stormbringer
  2516 | D:3      | Learned a level 3 spell: Ignite Poison
  2524 | D:3      | Reached skill level 1 in Conjurations
  2553 | D:3      | Learned a level 2 spell: Cure Poison
  2565 | D:3      | Learned a level 3 spell: Mephitic Cloud
  3045 | D:3      | Found a deep blue altar of Sif Muna.
  3295 | D:3      | Reached XP level 6. HP: 25/48 MP: 0/11
  3782 | D:4      | Found Upparis's Food Shop.
  3839 | D:4      | Found a white marble altar of Elyvilon.
  3928 | D:4      | Reached * piety under Qazlal
  3928 | D:4      | Reached skill level 1 in Shields
  4039 | D:4      | Reached skill level 1 in Fire Magic
  4288 | D:4      | Found a white marble altar of Elyvilon.
  4491 | D:5      | Entered Level 5 of the Dungeon
  4674 | D:5      | Got a steaming lapis lazuli ring
  4675 | D:5      | Identified the ring of Qen Xuze {+Inv Int+3 SInv Stlth+} (You found it on level 5 of the Dungeon)
  4913 | D:5      | Reached skill level 1 in Maces & Flails
  4913 | D:5      | Your scales start taking on a pale cyan-grey colour.
  4913 | D:5      | Reached XP level 7. HP: 56/56 MP: 1/12
  5217 | D:5      | Learned a level 4 spell: Olgreb's Toxic Radiance
  5335 | D:5      | Found a shimmering altar of Xom.
  5719 | D:6      | Reached skill level 1 in Air Magic
  5728 | D:6      | Reached XP level 8. HP: 44/62 MP: 6/14
  6615 | D:6      | Noticed a deep elf mage
  6616 | D:6      | Noticed a demonic crawler
  6619 | D:6      | Noticed a sixfirhy
  6781 | D:7      | Found a sparkling altar of Nemelex Xobeh.
  6866 | D:7      | Noticed Pikel
  6883 | D:6      | Reached skill level 5 in Spellcasting
  7114 | D:7      | Noticed Menkaure
  7120 | D:7      | Gained mutation: You are resistant to hostile enchantments. [potion of mutation]
  7120 | D:7      | Gained mutation: You expend magic power (3 MP) to strengthen your wands. [potion of mutation]
  7127 | D:7      | Killed Menkaure
  7185 | D:7      | Noticed Joseph
  7207 | D:7      | Killed Joseph
  7207 | D:7      | Reached skill level 5 in Dodging
  7207 | D:7      | Reached XP level 9. HP: 33/71 MP: 0/16
  7534 | D:7      | Killed Pikel
  8293 | D:7      | Learned a level 5 spell: Venom Bolt
  8304 | D:7      | Found a staircase to the Ecumenical Temple.
  8384 | D:7      | Noticed Crazy Yiuf
  8392 | D:7      | Killed Crazy Yiuf
  8508 | D:7      | Reached ** piety under Qazlal
  8930 | D:8      | Found a glowing golden altar of the Shining One.
  8948 | D:8      | Found a sand-covered staircase.
  8954 | Ossuary  | Entered an ossuary
  9263 | Ossuary  | Reached *** piety under Qazlal
  9704 | D:8      | Found an iron altar of Okawaru.
  9784 | D:8      | Reached XP level 10. HP: 77/80 MP: 6/18
  9997 | D:8      | Found an opulent altar of Gozag.
 10968 | D:9      | Reached skill level 5 in Fighting
 11290 | D:9      | Reached **** piety under Qazlal
 11424 | D:9      | Found Mur Vut's Antique Weapon Shoppe.
 12166 | D:10     | Entered Level 10 of the Dungeon
 12279 | D:10     | Noticed an unseen horror
 12289 | D:10     | Killed an unseen horror
 12289 | D:10     | Reached skill level 5 in Shields
 12289 | D:10     | Reached skill level 5 in Fire Magic
 12297 | D:10     | Learned a level 5 spell: Fireball
 12315 | D:10     | Reached skill level 5 in Conjurations
 12330 | D:10     | Reached ***** piety under Qazlal
 12422 | D:10     | Reached skill level 1 in Invocations
 12482 | D:10     | Reached XP level 11. HP: 59/88 MP: 9/20
 12924 | D:10     | Found a staircase to the Lair.
 12966 | Lair:1   | Entered Level 1 of the Lair of Beasts
 13083 | Lair:1   | Noticed Kloppie's ghost (novice MfBe)
 13136 | Lair:1   | Killed Kloppie's ghost
 13136 | Lair:1   | Reached skill level 5 in Maces & Flails
 14641 | Lair:2   | HP: 3/90 [yak (6)]
 14641 | Lair:2   | HP: 1/90 [yak (2)]
 14642 | Lair:2   | Slain by a yak

Skill      XL: |  1  2  3  4  5  6  7  8  9 10 11 |
---------------+----------------------------------+-----
Dodging        | 2 3 5 6 7 |  7.9
Fighting       | 1 2 4 5 6 |  6.3
Spellcasting   | 3 4 5 6 |  6.6
Poison Magic   | 5 6 7 |  7.3
Conjurations   | 1 2 3 4 5 |  5.3
Shields        | 1 2 3 4 5 6 |  6.3
Fire Magic     | 1 2 3 4 5 6 |  6.7
Maces & Flails | 1 2 3 4 5 |  5.3
Air Magic      | 1 3 4 |  4.5
Invocations    | 1 2 |  2.5
Stealth        | |  1.9
Transmutations | |  0.8

Action                   |  1- 3 |  4- 6 |  7- 9 | 10-12 || total
-------------------------+-------+-------+-------+-------++-------
Melee: Dagger            |     8 |       |       |       ||     8
       Tailslap          |     4 |     5 |    13 |    30 ||    52
       Mace              |    27 |    68 |   175 |   218 ||   488
Throw: Tomahawk          |       |     1 |     4 |     4 ||     9
 Cast: Sting             |    57 |   129 |   137 |   196 ||   519
       Mephitic Cloud    |       |     4 |     8 |     1 ||    13
       Ignite Poison     |       |     1 |     8 |     6 ||    15
       Olgreb's Toxic Ra |       |       |     6 |     4 ||    10
       Venom Bolt        |       |       |       |    15 ||    15
       Fireball          |       |       |       |     7 ||     7
 Abil: Evoke Invisibilit |       |       |     1 |       ||     1
Evoke: Wand              |       |       |     2 |    12 ||    14
  Use: Potion            |       |     8 |     4 |     4 ||    16
       Scroll            |       |     6 |     8 |    14 ||    28
 Stab: Sleeping          |     2 |       |       |       ||     2
       Confused          |       |       |     2 |       ||     2
       Invisible         |       |       |       |     1 ||     1
  Eat: Chunk             |     2 |    11 |     1 |    10 ||    24
       Bread ration      |       |     1 |     3 |       ||     4
       Beef jerky        |       |       |     1 |       ||     1
       Fruit             |       |       |       |     9 ||     9
       Meat ration       |       |       |       |     1 ||     1
Armor: Skin              |    13 |    43 |   101 |    91 ||   248
Dodge: Dodged            |    29 |    67 |   163 |   179 ||   438
       Deflected         |       |       |       |     1 ||     1
Block: Buckler           |       |    19 |    83 |   182 ||   284
